Map: Новое противостояние РВ

Players

CrazyTrain

  • Race: Terran Terran
  • League: Diamond
  • Spawn Location: 7:00

RunGen - Winner!

  • Race: Terran Terran
  • League: Diamond
  • Spawn Location: 1:00

VOD

Have the link to the VOD?

Description

Time

  • Played on: July 29, 2019, 5:40 p.m.
  • Length: 9:45
Show
View Real Time Build Order
Export as new Build Order

CrazyTrain Terran 

Build Orders:  

Get SALT Encoding   

  12  0:00  SCV  
  13  0:12  SCV  
  14  0:17  Supply Depot  
  14  0:24  SCV  
  15  0:30  Refinery  
  15  0:39  SCV  
  16  0:46  Barracks  
  16  0:51  SCV  
  17  1:03  Barracks  
  17  1:06  SCV  
  18  1:18  SCV  
  19  1:25  Barracks  
  19  1:30  SCV  
  20  1:36  Reaper  
  21  1:41  Supply Depot  
  21  1:44  SCV  
  22  1:53  Refinery  
  22  1:54  Reaper  
  23  2:05  Orbital Command  
  23  2:09  Reaper  
  23  2:13  Reaper  
  25  2:21  Supply Depot  
  25  2:27  Reaper  
  26  2:32  SCV  
  27  2:41  Reaper  
  28  2:48  Reaper  
  29  3:00  SCV, Command Center  
  29  3:04  Reaper  
  32  3:12  SCV  
  31  3:25  Barracks Reactor, Barracks Tech Lab  
  29  3:42  Engineering Bay, SCV  
  29  3:43  Factory, Barracks Reactor  
  29  3:46  Marauder  
  31  3:58  Bunker  
  31  4:00  Stimpack  
  31  4:07  Marine x2  
  31  4:08  Marauder  
  28  4:32  Marine  
  28  4:37  SCV x2  
  30  4:42  Marine  
  28  4:58  Orbital Command  
  28  5:00  SCV  
  28  5:17  Marine x2  
  30  5:22  SCV  
  30  5:27  SCV  
  32  5:31  Marine x2  
  32  5:35  SCV  
  35  5:43  Factory Reactor, Starport  
  35  5:44  Marine x2  
  35  5:47  SCV  
  35  5:48  SCV  
  39  5:59  SCV  
  37  6:06  Marine  
  37  6:07  SCV  
  37  6:11  Marine x4, SCV  
  39  6:14  Combat Shield  
  44  6:19  SCV  
  44  6:21  Refinery  
  45  6:31  Marine x2  
  47  6:32  Factory Reactor  
  47  6:33  SCV x2  
  49  6:44  Medivac  
  49  6:45  SCV, Refinery  
  52  6:47  Medivac  
  52  6:52  Supply Depot  
  52  6:53  Supply Depot  
  54  7:08  Supply Depot  
  54  7:13  Marine x2  
  54  7:14  SCV x2  
  54  7:15  Marine x2  
  59  7:18  Marine  
  61  7:26  SCV  
  62  7:34  Marine x3  
  65  7:37  SCV, Viking x2  
  65  7:39  SCV  
  71  8:00  Marine x2  
  71  8:01  SCV  
  71  8:02  SCV  
  75  8:10  Command Center  
  75  8:13  SCV  
  75  8:14  Liberator  
  75  8:15  Liberator  
  75  8:19  Marine x2  
  78  8:20  Marine  
  78  8:22  Marauder  
  45  8:44  Marauder, Marine  
  21  8:56  SCV  
  21  9:05  Marine  
  21  9:08  SCV  
  15  9:29  SCV  
Show
View Real Time Build Order
Export as new Build Order

RunGen Terran - Winner!

Build Orders: 1/1/1, Liberator Opening 

Get SALT Encoding   

  12  0:01  SCV  
  13  0:13  SCV  
  14  0:17  Supply Depot  
  14  0:25  SCV  
  14  0:27  Refinery  
  15  0:39  SCV  
  16  0:45  Barracks  
  16  0:51  SCV  
  16  0:55  Refinery  
  17  1:03  SCV  
  18  1:15  SCV  
  19  1:33  Factory  
  19  1:34  Orbital Command  
  19  1:36  Reaper  
  20  1:46  Supply Depot  
  20  2:00  SCV  
  21  2:08  Reaper  
  22  2:18  Hellion  
  22  2:19  Starport  
  22  2:20  SCV  
  25  2:24  Supply Depot  
  25  2:39  Liberator  
  25  2:40  Hellion, Reaper  
  28  2:45  SCV  
  29  2:57  SCV  
  33  3:07  Factory Tech Lab  
  32  3:22  Barracks Reactor  
  32  3:25  Command Center  
  32  3:34  Siege Tank  
  35  3:37  SCV  
  36  3:55  SCV  
  37  3:59  Barracks  
  37  4:00  Barracks  
  33  4:23  SCV  
  31  4:25  Siege Tank, Marine  
  31  4:26  Marine  
  36  4:33  Engineering Bay x2, Starport Reactor  
  36  4:35  SCV  
  37  4:42  Orbital Command  
  37  4:46  Marine x2  
  37  4:48  SCV  
  40  4:58  Barracks Tech Lab  
  40  5:00  SCV  
  40  5:01  Terran Infantry Weapons Level 1  
  40  5:02  Terran Infantry Armor Level 1  
  41  5:12  SCV x2  
  41  5:13  Marine x2  
  42  5:15  Starport Reactor  
  42  5:24  SCV x2, Stimpack  
  42  5:25  Marine x2  
  42  5:26  Marine  
  47  5:31  Supply Depot  
  47  5:35  Refinery  
  47  5:36  SCV  
  47  5:38  Marine x2  
  47  5:40  SCV  
  51  5:44  Marine  
  51  5:45  Marine x2  
  54  5:53  Siege Tank  
  54  5:54  Supply Depot, SCV  
  58  5:57  SCV  
  58  6:02  Medivac  
  61  6:09  SCV  
  62  6:11  Supply Depot  
  62  6:15  SCV  
  62  6:16  Supply Depot  
  63  6:20  Marine x2  
  63  6:21  Marine x3, SCV  
  63  6:22  Medivac  
  71  6:28  SCV  
  71  6:32  Armory  
  72  6:33  SCV  
  72  6:35  Refinery  
  73  6:40  SCV  
  73  6:43  Supply Depot  
  73  6:45  SCV  
  75  6:51  Marine x5  
  75  6:52  SCV  
  81  6:54  Medivac  
  81  6:56  Medivac  
  85  7:09  Marine  
  85  7:11  Marine x2, Siege Tank  
  85  7:12  SCV  
  92  7:17  SCV  
  92  7:20  Supply Depot  
  93  7:24  SCV  
  93  7:28  Command Center  
  93  7:29  SCV  
  95  7:31  Supply Depot  
  95  7:34  Marine x3  
  95  7:35  Marine  
  99  7:41  Combat Shield  
  99  7:49  Siege Tank  
  102  7:53  SCV x2  
  104  8:04  Marine x4  
  108  8:05  Barracks  
  108  8:07  Barracks  
  87  8:27  Marine x5  
  87  8:28  SCV  
  87  8:29  SCV  
  85  8:41  SCV x2  
  85  8:44  Siege Tank, Medivac x2  
  85  8:45  Marine x5  
  97  8:53  SCV x2  
  91  9:02  Marine  
  91  9:03  Marine  
  91  9:05  SCV x2  
  91  9:09  Marine x2  
  97  9:17  SCV x2  
Tags
 
Add a new tag
Caveats
  • Supply blocks, unpowered buildings, or Contaminate may cause inaccurate times.
  • Supply counts are checked every 10 seconds.